[ AOE2 MATCH · #505826278 ]
UnrankedSlavs vs Aztecs
Player's team · WIN
Rival team · LOSS
[ REPLAY ANALYSIS · EXTRACTED FROM THE RECORDED GAME ]
Feudal
7:39
Castle
20:44
Imperial
44:17
| APM avg | 49.0 |
| APM peak | 111 |
| eAPM avg | 26.0 |
| Villagers / military | 209 / 1035 |
Focus
⚔️ 34.7% · 🌾 65.3%
Skirmisher ×463 · Scout Cavalry ×232 · Cavalry Archer ×169 · Knight ×125 · Archer ×19 · Trebuchet (Packed) ×9
Feudal
8:45
Castle
18:37
Imperial
36:14
| APM avg | 42.8 |
| APM peak | 72 |
| eAPM avg | 31.5 |
| Villagers / military | 423 / 1112 |
Focus
⚔️ 30.3% · 🌾 69.7%
Spearman ×638 · Eagle Scout ×421 · Battering Ram ×25 · Monk ×10 · Jaguar Warrior ×5 · Militia ×4
Match map
Initial resources + every placement click. Lines = walls · curves = elevation contours. ◆ gold · ⬟ stone · ● berries · ✦ relic · ◌ wall gap
Your base· ✓ Closed at 20:44 · 29t walls · 2 gate(s)
norvel's base· Open — unwalled flank
Smoothed initial terrain · ◌ = detected wall gap · hover for details
Inputs per minute
— Table_Rase - - norvel
Build order — Table_Rase
First 150 of 815 actions detected
| 0:00 | Queue | Villager (Male) |
| 0:00 | Queue | Villager (Male) |
| 0:01 | Build | House |
| 0:02 | Build | House |
| 0:11 | Queue | Villager (Male) |
| 0:11 | Queue | Villager (Male) |
| 1:13 | Queue | Villager (Male) |
| 1:28 | Queue | Villager (Male) |
| 1:28 | Queue | Villager (Male) |
| 1:34 | Build | Lumber Camp |
| 1:54 | Queue | Villager (Male) |
| 2:24 | Queue | Villager (Male) |
| 2:31 | Queue | Villager (Male) |
| 3:35 | Queue | Villager (Male) |
| 3:35 | Queue | Villager (Male) |
| 3:35 | Queue | Villager (Male) |
| 3:36 | Queue | Villager (Male) |
| 3:48 | Build | Mill |
| 5:29 | Research | Feudal Age |
| 5:30 | Research | Loom |
| 5:40 | Build | House |
| 5:43 | Build | Palisade Wall |
| 6:22 | Build | Palisade Wall |
| 6:53 | Build | House |
| 7:07 | Build | Barracks |
| 7:18 | Queue | Villager (Male) |
| 7:39 | Age | Feudal Age |
| 7:43 | Queue | Villager (Male) |
| 7:58 | Build | Stable |
| 8:04 | Queue | Villager (Male) |
| 8:09 | Research | Double-Bit Axe |
| 8:09 | Research | Double-Bit Axe |
| 8:35 | Queue | Scout Cavalry |
| 8:35 | Queue | Scout Cavalry |
| 8:45 | Queue | Villager (Male) |
| 8:58 | Queue | Villager (Male) |
| 9:11 | Build | Archery Range |
| 9:21 | Queue | Villager (Male) |
| 9:43 | Queue | Skirmisher |
| 9:44 | Queue | Archer |
| 9:46 | Queue | Skirmisher |
| 10:10 | Build | Mill |
| 10:15 | Build | Mining Camp |
| 10:27 | Queue | Skirmisher |
| 10:30 | Queue | Villager (Male) |
| 10:58 | Queue | Skirmisher |
| 11:06 | Queue | Villager (Male) |
| 11:07 | Queue | Villager (Male) |
| 11:28 | Queue | Archer |
| 11:37 | Build | Farm |
| 11:37 | Build | Farm |
| 11:49 | Queue | Villager (Male) |
| 11:54 | Queue | Archer |
| 12:50 | Build | Mill |
| 12:57 | Queue | Archer |
| 12:57 | Queue | Archer |
| 13:07 | Build | Farm |
| 13:07 | Build | Farm |
| 13:07 | Build | Farm |
| 13:13 | Build | Blacksmith |
| 13:16 | Queue | Archer |
| 13:25 | Queue | Villager (Male) |
| 13:27 | Build | Farm |
| 13:43 | Build | House |
| 13:44 | Build | Palisade Wall |
| 14:13 | Queue | Villager (Male) |
| 14:15 | Research | Fletching |
| 14:16 | Queue | Villager (Male) |
| 14:22 | Queue | Archer |
| 14:32 | Queue | Villager (Male) |
| 14:39 | Build | Market |
| 14:40 | Queue | Villager (Male) |
| 14:42 | Build | Farm |
| 15:06 | Queue | Scout Cavalry |
| 15:34 | Queue | Villager (Male) |
| 15:37 | Build | Farm |
| 15:38 | Build | Farm |
| 15:38 | Build | Farm |
| 15:41 | Queue | Archer |
| 15:56 | Queue | Villager (Male) |
| 15:58 | Build | House |
| 16:22 | Build | Farm |
| 16:22 | Build | Farm |
| 16:25 | Build | Farm |
| 16:39 | Build | Lumber Camp |
| 16:50 | Build | Farm |
| 17:11 | Queue | Villager (Male) |
| 17:12 | Build | Farm |
| 17:17 | Queue | Villager (Male) |
| 18:04 | Research | Castle Age |
| 18:10 | Build | Mining Camp |
| 18:13 | Build | House |
| 18:14 | Build | Palisade Wall |
| 19:19 | Queue | Villager (Male) |
| 19:24 | Build | Stable |
| 19:27 | Research | Scale Barding Armor |
| 19:30 | Research | Bloodlines |
| 19:42 | Build | House |
| 19:46 | Build | Palisade Gate |
| 19:49 | Build | Palisade Wall |
| 19:50 | Build | Palisade Wall |
| 19:56 | Research | Gold Mining |
| 20:01 | Research | Horse Collar |
| 20:11 | Build | Palisade Gate |
| 20:13 | Build | Palisade Wall |
| 20:43 | Research | Forging |
| 20:44 | Age | Castle Age |
| 20:47 | Queue | Knight |
| 20:47 | Queue | Knight |
| 20:54 | Build | Farm |
| 20:54 | Build | Farm |
| 21:01 | Build | Town Center |
| 21:09 | Build | Town Center |
| 21:26 | Build | House |
| 21:36 | Queue | Knight |
| 22:01 | Queue | Knight |
| 22:21 | Build | Farm |
| 22:21 | Queue | Villager (Male) |
| 22:22 | Queue | Villager (Male) |
| 22:48 | Queue | Villager (Male) |
| 22:55 | Queue | Knight |
| 22:55 | Queue | Knight |
| 22:57 | Queue | Villager (Male) |
| 22:57 | Queue | Villager (Male) |
| 22:58 | Queue | Villager (Male) |
| 22:58 | Queue | Villager (Male) |
| 22:58 | Queue | Villager (Male) |
| 23:08 | Queue | Villager (Male) |
| 23:09 | Queue | Villager (Male) |
| 23:40 | Build | Monastery |
| 23:43 | Queue | Villager (Male) |
| 23:49 | Queue | Villager (Male) |
| 23:52 | Queue | Villager (Male) |
| 24:00 | Queue | Knight |
| 24:09 | Queue | Villager (Male) |
| 24:13 | Queue | Villager (Male) |
| 24:35 | Queue | Monk |
| 24:36 | Build | Farm |
| 25:00 | Research | Husbandry |
| 25:01 | Queue | Knight |
| 25:07 | Build | Stable |
| 25:10 | Queue | Monk |
| 25:11 | Queue | Villager (Male) |
| 25:13 | Build | Farm |
| 25:13 | Build | Farm |
| 25:13 | Build | Farm |
| 25:13 | Build | Farm |
| 25:17 | Queue | Villager (Male) |
| 25:21 | Queue | Villager (Male) |
| 25:39 | Queue | Monk |
Build order — norvel
First 150 of 1232 actions detected
| 0:00 | Queue | Villager (Male) |
| 0:00 | Queue | Villager (Male) |
| 0:01 | Queue | Villager (Male) |
| 0:11 | Queue | Villager (Male) |
| 0:29 | Build | Mill |
| 0:52 | Queue | Villager (Male) |
| 1:22 | Queue | Villager (Male) |
| 1:49 | Queue | Militia |
| 2:16 | Queue | Militia |
| 2:19 | Queue | Villager (Male) |
| 2:34 | Queue | Villager (Male) |
| 2:38 | Queue | Militia |
| 2:57 | Queue | Villager (Male) |
| 2:57 | Queue | Villager (Male) |
| 3:29 | Build | House |
| 3:30 | Queue | Villager (Male) |
| 3:38 | Queue | Militia |
| 4:01 | Queue | Villager (Male) |
| 4:01 | Queue | Villager (Male) |
| 4:04 | Build | Palisade Wall |
| 4:28 | Queue | Villager (Male) |
| 4:33 | Build | House |
| 4:34 | Build | Palisade Wall |
| 5:27 | Queue | Villager (Male) |
| 5:44 | Queue | Villager (Male) |
| 6:13 | Research | Loom |
| 6:33 | Research | Feudal Age |
| 6:38 | Build | Mill |
| 7:01 | Queue | Villager (Male) |
| 7:10 | Build | Lumber Camp |
| 7:17 | Queue | Villager (Male) |
| 7:46 | Build | House |
| 7:55 | Build | House |
| 7:56 | Build | Palisade Wall |
| 8:11 | Research | Loom |
| 8:31 | Build | Palisade Wall |
| 8:45 | Age | Feudal Age |
| 8:52 | Build | Mining Camp |
| 9:08 | Queue | Villager (Male) |
| 9:25 | Build | Farm |
| 9:29 | Build | Farm |
| 9:34 | Queue | Villager (Male) |
| 9:36 | Build | Farm |
| 9:43 | Research | Arson |
| 9:48 | Queue | Villager (Male) |
| 9:50 | Build | Farm |
| 10:03 | Research | Man-at-Arms (upgrade) |
| 10:05 | Queue | Villager (Male) |
| 10:08 | Build | Farm |
| 10:11 | Queue | Villager (Male) |
| 10:15 | Queue | Villager (Male) |
| 10:26 | Build | Farm |
| 10:28 | Queue | Villager (Male) |
| 10:43 | Build | Farm |
| 11:10 | Queue | Villager (Male) |
| 11:14 | Queue | Spearman |
| 11:20 | Queue | Villager (Male) |
| 11:24 | Build | House |
| 11:26 | Build | Palisade Wall |
| 11:37 | Queue | Villager (Male) |
| 11:56 | Build | Archery Range |
| 12:09 | Queue | Villager (Male) |
| 12:19 | Queue | Villager (Male) |
| 12:25 | Build | Blacksmith |
| 12:38 | Queue | Villager (Male) |
| 13:05 | Build | Farm |
| 13:06 | Build | Farm |
| 13:11 | Build | Watch Tower |
| 13:19 | Build | Farm |
| 13:27 | Build | Farm |
| 13:36 | Build | House |
| 13:37 | Build | Palisade Wall |
| 14:13 | Queue | Villager (Male) |
| 14:16 | Build | Farm |
| 14:30 | Build | House |
| 14:40 | Build | Market |
| 14:53 | Build | Palisade Wall |
| 14:58 | Queue | Villager (Male) |
| 15:21 | Queue | Skirmisher |
| 15:42 | Build | Market |
| 15:47 | Build | House |
| 15:57 | Research | Castle Age |
| 16:14 | Build | Farm |
| 16:17 | Build | Farm |
| 16:33 | Queue | Archer |
| 16:33 | Queue | Archer |
| 16:43 | Queue | Skirmisher |
| 16:43 | Queue | Skirmisher |
| 17:26 | Build | Farm |
| 17:33 | Research | Fletching |
| 17:41 | Queue | Eagle Scout |
| 17:41 | Queue | Eagle Scout |
| 17:47 | Research | Scale Mail Armor |
| 17:51 | Build | Barracks |
| 17:58 | Build | House |
| 18:16 | Research | Forging |
| 18:26 | Research | Double-Bit Axe |
| 18:37 | Age | Castle Age |
| 18:42 | Queue | Villager (Male) |
| 19:13 | Queue | Eagle Scout |
| 19:14 | Queue | Eagle Scout |
| 19:14 | Queue | Villager (Male) |
| 19:15 | Queue | Villager (Male) |
| 19:28 | Queue | Eagle Scout |
| 19:51 | Build | Farm |
| 19:51 | Build | Farm |
| 19:51 | Build | Farm |
| 19:52 | Build | Farm |
| 19:53 | Build | Farm |
| 19:58 | Build | Town Center |
| 20:06 | Queue | Eagle Scout |
| 20:06 | Queue | Eagle Scout |
| 20:06 | Queue | Eagle Scout |
| 20:17 | Queue | Villager (Male) |
| 20:17 | Queue | Villager (Male) |
| 20:24 | Research | Horse Collar |
| 20:42 | Queue | Eagle Scout |
| 20:42 | Queue | Eagle Scout |
| 20:54 | Build | Mill |
| 20:55 | Build | Farm |
| 20:55 | Build | Farm |
| 20:55 | Build | Farm |
| 20:55 | Build | Farm |
| 20:56 | Build | Farm |
| 20:56 | Build | Farm |
| 20:56 | Build | Farm |
| 21:00 | Queue | Villager (Male) |
| 21:00 | Queue | Villager (Male) |
| 21:26 | Queue | Eagle Scout |
| 21:26 | Queue | Eagle Scout |
| 21:26 | Queue | Villager (Male) |
| 21:30 | Research | Squires |
| 21:56 | Queue | Eagle Scout |
| 21:56 | Queue | Eagle Scout |
| 21:59 | Queue | Villager (Male) |
| 21:59 | Queue | Villager (Male) |
| 21:59 | Queue | Villager (Male) |
| 22:16 | Queue | Villager (Male) |
| 22:16 | Queue | Villager (Male) |
| 22:21 | Build | Monastery |
| 22:22 | Queue | Villager (Male) |
| 22:35 | Queue | Eagle Scout |
| 22:35 | Queue | Eagle Scout |
| 22:54 | Queue | Villager (Male) |
| 22:54 | Queue | Villager (Male) |
| 22:55 | Queue | Villager (Male) |
| 22:55 | Queue | Villager (Male) |
| 23:01 | Build | Town Center |
| 23:12 | Queue | Villager (Male) |
| 23:12 | Queue | Villager (Male) |
Match timeline
| 4:04 | norvel · wall_segment Palisade Wall x1 |
| 4:34 | norvel · wall_segment Palisade Wall x2 |
| 5:43 | Table_Rase · wall_segment Palisade Wall x5 |
| 6:22 | Table_Rase · wall_segment Palisade Wall x1 |
| 7:07 | Table_Rase · first_building Barracks |
| 7:39 | Table_Rase · age_up feudal |
| 7:56 | norvel · wall_segment Palisade Wall x1 |
| 7:58 | Table_Rase · first_building Stable |
| 8:31 | norvel · wall_segment Palisade Wall x1 |
| 8:45 | norvel · age_up feudal |
| 9:11 | Table_Rase · first_building Archery Range |
| 11:26 | norvel · wall_segment Palisade Wall x1 |
| 11:56 | norvel · first_building Archery Range |
| 13:37 | norvel · wall_segment Palisade Wall x1 |
| 13:44 | Table_Rase · wall_segment Palisade Wall x1 |
| 14:53 | norvel · wall_segment Palisade Wall x1 |
| 15:51 | norvel · first_market_buy 100 food |
| 17:51 | norvel · first_building Barracks |
| 18:14 | Table_Rase · wall_segment Palisade Wall x8 |
| 18:37 | norvel · age_up castle |
| 19:49 | Table_Rase · wall_segment Palisade Wall x2 |
| 19:50 | Table_Rase · wall_segment Palisade Wall x1 |
| 20:13 | Table_Rase · wall_segment Palisade Wall x12 |
| 20:44 | Table_Rase · age_up castle |
| 22:21 | norvel · first_building Monastery |
| 23:40 | Table_Rase · first_building Monastery |
| 24:42 | norvel · wall_segment Palisade Wall x1 |
| 25:33 | norvel · wall_segment Palisade Wall x7 |
| 25:55 | Table_Rase · first_building Dock |
| 27:29 | Table_Rase · first_market_buy 100 food |
| 29:22 | Table_Rase · first_market_sell 100 wood |
| 32:06 | Table_Rase · first_building Castle |
| 32:57 | norvel · first_market_sell 100 food |
| 36:14 | norvel · age_up imperial |
| 36:29 | norvel · wall_segment Palisade Wall x1 |
| 36:45 | norvel · first_building Castle |
| 37:18 | norvel · wall_segment Palisade Wall x11 |
| 38:05 | Table_Rase · first_building Siege Workshop |
| 44:17 | Table_Rase · age_up imperial |
| 52:34 | norvel · first_building Siege Workshop |
| 72:55 | norvel · wall_segment Palisade Wall x1 |
| 78:58 | norvel · resign |
[ AI ANALYSIS · 1 CREDIT ]
What really happened in this match?
Wolo.gg analyzes every decision: build order, eco, micro, common mistakes by bracket. Personalized analysis on WhatsApp or Discord in 30 seconds.
Civ guide
Slavs
Perfil
Jugador #20909915